 Dungeon Crawl Stone Soup version 0.26-a0-682-g294304f6e8 (webtiles) character file.

Game seed: 6378375349933569984

28305 robertstho the Frost Mage (level 13, -16/98 HPs)
             Began as a Gnoll Ice Elementalist on Oct 21, 2020.
             Was a High Priest of Sif Muna.
             Demolished by a polar bear (17 damage)
             ... on level 5 of the Lair of Beasts.
             The game lasted 00:41:30 (18752 turns).

robertstho the Frost Mage (Gnoll Ice Elementalist) Turns: 18752, Time: 00:41:31

Health: -16/98     AC:  8    Str: 10    XL:     13   Next: 38%
Magic:  17/26      EV: 23    Int: 14    God:    Sif Muna [*****.]
Gold:   1128       SH:  0    Dex: 18    Spells: 8/31 levels left

rFire    x . .     SeeInvis +   Z - +6 quarterstaff of Freezing Courage {vamp, rF- rC++ Int-3 SInv}
rCold    + + +     Faith    .   (shield currently unavailable)
rNeg     . . .     Spirit   .   U - +2 robe {rC+}
rPois    +         Reflect  .   X - +2 hat {MR+}
rElec    +         Harm     .   (no cloak)
rCorr    .         Rampage  .   (no gloves)
MR       +....                  k - +0 pair of boots
Stlth    ++++......             Q - amulet of magic regeneration
HPRegen  0.26/turn              K - ring of Cepsec {+Fly rElec rPois rC++ Int-4}
MPRegen  0.45/turn              s - +4 ring of evasion

@: no status effects
A: distributed training, fangs 1, strong nose
a: Channel Magic, Forget Spell, Divine Exegesis, Renounce Religion, Evoke Flight


You were on level 5 of the Lair of Beasts.
You worshipped Sif Muna.
Sif Muna was extremely pleased with you.
You visited 3 branches of the dungeon, and saw 17 of its levels.
You also visited: Bailey.

You collected 1620 gold pieces.
You spent 492 gold pieces at shops.

Inventory:

Hand Weapons
 w - a +1 halberd of protection
 x - a +3 scimitar of flaming
 C - a +2 short sword of flaming
 Z - the +6 quarterstaff of Freezing Courage (weapon) {vamp, rF- rC++ Int-3 SInv}
   (You found it on level 3 of the Lair of Beasts)

   It inflicts no extra harm, but heals its wielder when it wounds a living foe.
   It affects your intelligence (-3).
   It makes you vulnerable to fire.
   It greatly protects you from cold.
   It lets you see invisible.
Missiles
 l - 6 throwing nets (quivered)
 u - 62 poisoned darts
Armour
 g - a +0 leather armour of fire resistance
 k - a +0 pair of boots (worn)
 U - a +2 robe of cold resistance (worn)
 X - a +2 hat of magic resistance (worn)
Magical Staves
 D - an uncursed staff of fire
 V - an uncursed staff of cold
Jewellery
 a - a cursed -4 ring of strength {unknown}
 c - an uncursed ring of stealth
 d - an uncursed ring of ice
 s - a +4 ring of evasion (right hand)
 v - a +6 ring of dexterity {unknown}
 K - the ring of Cepsec (left hand) {+Fly rElec rPois rC++ Int-4}
   (You bought it in a shop on level 8 of the Dungeon)

   [ring of flight]

   It affects your intelligence (-4).
   It greatly protects you from cold.
   It insulates you from electricity.
   It protects you from poison.
   It lets you fly.
 M - an uncursed ring of positive energy
 O - an uncursed ring of flight {unknown}
 Q - an amulet of magic regeneration (around neck)
 R - an uncursed ring of flight {unknown}
Wands
 B - a wand of paralysis (15)
 G - a wand of digging (1)
 P - a wand of acid (16)
 S - a wand of iceblast (13)
Scrolls
 e - 7 scrolls of remove curse
 h - a scroll of blinking {unknown}
 m - a scroll of amnesia {unknown}
 n - 2 scrolls of teleportation
 o - a scroll of enchant weapon {unknown}
 p - 4 scrolls of fog
 q - a scroll of holy word {unknown}
 t - 3 scrolls of fear {unknown}
 y - 2 scrolls of identify
 z - a scroll of random uselessness {unknown}
 H - a scroll of immolation
 J - 4 scrolls of torment {unknown}
 L - 3 scrolls of magic mapping
 N - a scroll of enchant armour {unknown}
 W - a scroll of noise {unknown}
Potions
 b - 7 potions of curing
 f - 4 potions of flight
 i - a potion of stabbing {unknown}
 j - 5 potions of might
 r - 5 potions of brilliance
 A - 3 potions of mutation
 E - a potion of ambrosia {unknown}
 F - 2 potions of haste
 I - a potion of magic {unknown}


   Skills:
 + Level 8.2 Fighting
 + Level 8.2 Short Blades
 + Level 8.2 Long Blades
 + Level 8.2 Axes
 + Level 8.2 Maces & Flails
 + Level 8.2 Polearms
 + Level 8.2 Staves
 + Level 8.2 Slings
 + Level 8.2 Bows
 + Level 8.2 Crossbows
 + Level 8.2 Throwing
 + Level 8.2 Armour
 + Level 9.5 Dodging
 + Level 9.3 Stealth
 + Level 8.2 Shields
 + Level 8.2 Unarmed Combat
 + Level 9.7 Spellcasting
 + Level 6.8 Conjurations
 + Level 6.8 Hexes
 + Level 6.8 Summonings
 + Level 6.8 Necromancy
 + Level 6.8 Translocations
 + Level 6.8 Transmutations
 + Level 6.8 Fire Magic
 + Level 9.9 Ice Magic
 + Level 6.8 Air Magic
 + Level 6.8 Earth Magic
 + Level 6.8 Poison Magic
 + Level 9.0 Invocations
 + Level 8.2 Evocations


You had 8 spell levels left.
You knew the following spells:

 Your Spells              Type           Power        Failure   Level
a - Freeze                Ice            ####         1%          1
b - Frozen Ramparts       Ice            ####..       1%          3
c - Ozocubu's Armour      Ice            ####....     1%          3
d - Hailstorm             Conj/Ice       ####....     3%          4
e - Summon Ice Beast      Ice/Summ       ####....     3%          4
f - Blink                 Tloc           N/A          1%          2
g - Apportation           Tloc           ####..       1%          1
h - Metabolic Englaciati  Hex/Ice        ####......   10%         5

Your spell library contained the following spells:

 Spells                   Type           Power        Failure   Level
 Animate Skeleton         Necr           ####..       1%          1
 Corona                   Hex            ####...      1%          1
 Sandblast                Erth           ####..       1%          1
 Summon Small Mammal      Summ           ####         1%          1
 Passwall                 Tmut/Erth      ####....     1%          2
 Poisonous Vapours        Pois/Air       ####..       1%          2
 Slow                     Hex            ####....     1%          2
 Confusing Touch          Hex            ####....     1%          3
 Conjure Flame            Conj/Fire      ####....     1%          3
 Inner Flame              Hex/Fire       ####....     1%          3
 Mephitic Cloud           Conj/Pois/Air  ####....     1%          3
 Portal Projectile        Hex/Tloc       ####..       1%          3
 Stone Arrow              Conj/Erth      ####..       1%          3
 Ice Form                 Ice/Tmut       ####....     3%          4
 Cause Fear               Hex            ####......   6%          4
 Leda's Liquefaction      Hex/Erth       ####......   6%          4
 Passage of Golubria      Tloc           N/A          6%          4
 Petrify                  Tmut/Erth      ####....     6%          4
 Lee's Rapid Deconstruct  Erth           ####......   19%         5
 Freezing Cloud           Conj/Ice/Air   ####......   54%         6
 Dragon Form              Tmut           ####......   99%         7
 Disjunction              Tloc           ####......   100%        8
 Shatter                  Erth           ####......   100%        9


Dungeon Overview and Level Annotations

Branches:
Dungeon (11/15)            Temple (1/1) D:5            Lair (5/6) D:10
  Swamp (0/4) Lair:2        Snake (0/4) Lair:2          Orc (0/2) D:11
 Bailey (visited)
  Slime: Lair:5-6

Altars:
Cheibriados
Fedhas
Gozag
Hepliaklqana
Makhleb
Nemelex Xobeh
Okawaru
Qazlal
Sif Muna
Uskayaw
Vehumet
Yredelemnul
Zin

Shops:
D:8 =

Annotations:
D:9 1 runed translucent door, BruhMomento's ghost, journeyman DsBe
Lair:1 exclusion: 2 oklob plants
Lair:2 1 runed translucent door, tinescath's ghost, journeyman GrEE


Innate Abilities, Weirdness & Mutations

Your experience applies equally to all skills.
You have very sharp teeth.
Your uncanny sense of smell can sniff out nearby items.


Message History

The polar bear closely misses you. x2
You feel much better. The polar bear bites you.
* * * LOW HITPOINT WARNING * * *
The polar bear claws you.
* * * LOW HITPOINT WARNING * * *
The polar bear claws you.
* * * LOW HITPOINT WARNING * * *
The seven-headed hydra misses you.
The seven-headed hydra completely misses you. x3
The seven-headed hydra bites you!
* * * LOW HITPOINT WARNING * * *
The seven-headed hydra bites you!
* * * LOW HITPOINT WARNING * * *
The seven-headed hydra completely misses you.
As you read the scroll labeled PIPPOO WEUS, it crumbles to dust.
You feel aware of your surroundings.
It was a scroll of magic mapping.
The polar bear closely misses you.
The polar bear claws you but does no damage.
The polar bear closely misses you. The polar bear bites you!
You die...

,,,,,................,,,*#.##...#
,,,,,............#,,,,**###.....#
,,,*,.......#F...##**** #...##..P
,,*,,.....#.###...## ###........
**,**....,##* ##.#.# #.........#
***,,.P.*** #†.#####..........
,*,,,.#** ##†...P#...........
,,,,,*,* #PhD.P##...........
,,,***** ##@...#............ ,,,*
###............... ,,**
#.#.............. ,,**
####............. ,,,*
*P............. ,,,*
#.............. ,,****
##............. ,,,,,*
*.#............ ,,,,**
*#*#...........


You could see a seven-headed hydra (slow) and a polar bear (berserk).

Vanquished Creatures
  Josephine (D:11)
  Fannar (D:10)
  A boulder beetle (Lair:2)
  Erica (D:8)
  A tengu warrior (D:9)
  Urug (Lair:2)
  Pikel (D:4)
  8 cane toads
  Maggie (D:6)
  2 komodo dragons (Lair:3)
  2 hornets
  7 blink frogs (Lair:4)
  3 wraiths (D:11)
  Sigmund (D:4)
  3 wyverns
  13 yaks
  Eustachio (D:4)
  Grum (Lair:1)
  2 basilisks (Lair:2)
  5 nagas (Lair:2)
  6 water moccasins
  A nameless horror (Bailey)
  Duvessa (D:6)
  A sky beast (D:5)
  2 phantoms (D:9)
  2 orc warriors
  3 black bears
  6 ogres
  2 necrophages
  A centaur (D:7)
  16 wolves
  A lemure (D:4)
  2 gnoll sergeants
  9 bullfrogs
  3 scorpions
  2 killer bees (D:10)
  5 wights
  A howler monkey (D:4)
  2 jellies
  2 hounds
  10 orc wizards
  A centaur skeleton (D:7)
  4 gnoll shamans (D:3)
  7 orc priests
  3 iguanas
  6 worker ants
  A hound zombie (D:7)
  A hound skeleton (D:8)
  A worker ant zombie (D:6)
  46 gnolls
  9 adders
  A white imp (D:6)
  An ufetubus (D:6)
  4 adder skeletons
  2 worms (D:3)
  A dart slug (D:3)
  6 leopard geckos
  31 orcs
  14 bats
  2 giant cockroaches
  7 goblins
  8 hobgoblins
  21 jackals
  10 kobolds
  4 quokkas
  2 ball pythons
  4 frilled lizards
  4 rats
  A butterfly (Lair:3)
336 creatures vanquished.

Vanquished Creatures (collateral kills)
  Gastronok (Lair:1)
  Harold (D:9)
  5 hydras
  Nergalle (Lair:2)
  A skeletal warrior (D:11)
  An orc knight (Bailey)
  2 black mambas
  A centaur zombie (D:10)
  2 gargoyles
  5 komodo dragons
  A polar bear (Lair:4)
  Grinder (D:4)
  5 blink frogs
  Prince Ribbit (D:7)
  11 yaks
  A wraith (D:11)
  3 basilisks
  A swamp worm (Lair:2)
  4 water moccasins
  An ice beast (D:6)
  4 orc warriors
  A black bear (D:10)
  3 necrophages (D:10)
  2 wolves (Lair:1)
  2 bullfrogs
  Dowan (D:6)
  2 killer bees (D:10)
  6 wights
  An electric eel (D:10)
  A lava snake (D:10)
  A bullfrog zombie (D:7)
  An orc priest (D:6)
  A jelly (D:10)
  An orc wizard (D:10)
  3 bullfrog skeletons
  2 mummies (D:10)
  A worker ant zombie (D:10)
  A gnoll (D:9)
  A shadow imp (D:5)
  An adder skeleton (D:9)
  An adder zombie (D:10)
  4 orcs
  10 kobolds (Bailey)
100 creatures vanquished.

Vanquished Creatures (others)
  38 fungi
  39 plants
  4 withered plants (D:10)
81 creatures vanquished.

Grand Total: 517 creatures vanquished

Notes
Turn   | Place    | Note
-------+----------+-------------------------------------------
     0 | D:1      | robertstho the Gnoll Ice Elementalist began the quest for
                  | the Orb.
     0 | D:1      | Reached XP level 1. HP: 13/13 MP: 6/6
   363 | D:1      | Reached XP level 2. HP: 18/19 MP: 7/7
   786 | D:1      | You fall into a shaft and drop 1 floor!
   991 | D:2      | Reached XP level 3. HP: 25/25 MP: 9/9
   996 | D:2      | Learned a level 3 spell: Frozen Ramparts
  1000 | D:2      | Learned a level 3 spell: Ozocubu's Armour
  1009 | D:2      | Reached skill level 5 in Spellcasting
  1093 | D:2      | Found an opulent altar of Gozag.
  1220 | D:2      | Reached skill level 1 in Invocations
  1397 | D:2      | Found a shimmering blue altar of Sif Muna.
  1445 | D:2      | Reached skill level 1 in Fighting
  1445 | D:2      | Reached skill level 1 in Short Blades
  1445 | D:2      | Reached skill level 1 in Long Blades
  1445 | D:2      | Reached skill level 1 in Axes
  1445 | D:2      | Reached skill level 1 in Maces & Flails
  1445 | D:2      | Reached skill level 1 in Polearms
  1445 | D:2      | Reached skill level 1 in Staves
  1445 | D:2      | Reached skill level 1 in Slings
  1445 | D:2      | Reached skill level 1 in Bows
  1445 | D:2      | Reached skill level 1 in Crossbows
  1445 | D:2      | Reached skill level 1 in Throwing
  1445 | D:2      | Reached skill level 1 in Armour
  1445 | D:2      | Reached skill level 1 in Shields
  1445 | D:2      | Reached skill level 1 in Unarmed Combat
  1445 | D:2      | Reached skill level 1 in Evocations
  1445 | D:2      | Reached XP level 4. HP: 32/32 MP: 11/11
  1494 | D:2      | Became a worshipper of Sif Muna the Loreminder
  1750 | D:3      | Reached skill level 1 in Conjurations
  1750 | D:3      | Reached skill level 1 in Hexes
  1750 | D:3      | Reached skill level 1 in Summonings
  1750 | D:3      | Reached skill level 1 in Necromancy
  1750 | D:3      | Reached skill level 1 in Translocations
  1750 | D:3      | Reached skill level 1 in Transmutations
  1750 | D:3      | Reached skill level 1 in Fire Magic
  1750 | D:3      | Reached skill level 1 in Air Magic
  1750 | D:3      | Reached skill level 1 in Earth Magic
  1750 | D:3      | Reached skill level 1 in Poison Magic
  1775 | D:3      | Found a basalt altar of Yredelemnul.
  1818 | D:3      | Reached XP level 5. HP: 37/37 MP: 6/12
  1835 | D:3      | Reached * piety under Sif Muna
  2904 | D:3      | Reached XP level 6. HP: 44/44 MP: 9/13
  2959 | D:3      | Reached ** piety under Sif Muna
  2959 | D:3      | Reached skill level 5 in Dodging
  3012 | D:3      | Reached XP level 7. HP: 49/50 MP: 6/15
  3538 | D:3      | Reached skill level 5 in Stealth
  3752 | D:3      | Learned a level 4 spell: Hailstorm
  3757 | D:3      | Learned a level 4 spell: Summon Ice Beast
  3829 | D:4      | Noticed Pikel
  3843 | D:4      | Killed Pikel
  3843 | D:4      | Reached XP level 8. HP: 48/58 MP: 10/17
  3936 | D:4      | Noticed Eustachio
  3953 | D:4      | Killed Eustachio
  4022 | D:4      | Noticed Sigmund
  4033 | D:4      | Killed Sigmund
  4314 | D:4      | Found a hazy altar of Hepliaklqana.
  4317 | D:4      | Found a stormy altar of Qazlal.
  4320 | D:4      | Found a burning altar of Makhleb.
  4323 | D:4      | Found an iron altar of Okawaru.
  4524 | D:4      | Noticed Grinder
  4544 | D:4      | Killed Grinder
  4544 | D:4      | Reached XP level 9. HP: 52/65 MP: 9/18
  4869 | D:5      | Entered Level 5 of the Dungeon
  5118 | D:5      | Reached *** piety under Sif Muna
  5173 | D:5      | Found a staircase to the Ecumenical Temple.
  5188 | Temple   | Entered the Ecumenical Temple
  5606 | D:5      | HP: 2/65 [shadow imp/nerve-wracking pain (2)]
  6046 | D:6      | Noticed Duvessa
  6047 | D:6      | Noticed Dowan
  6059 | D:6      | Killed Duvessa
  6062 | D:6      | Killed Dowan
  6167 | D:6      | Noticed Maggie
  6179 | D:6      | Killed Maggie
  6179 | D:6      | Reached skill level 5 in Invocations
  6194 | D:6      | Found a radiant altar of Vehumet.
  6759 | D:6      | Got a silken robe
  6769 | D:6      | Identified the +1 robe of Afamyelu {rC+} (You found it on
                  | level 6 of the Dungeon)
  6992 | D:7      | Found a flagged portal.
  7003 | Bailey   | Entered a bailey
  7674 | Bailey   | Noticed an orc knight
  7691 | Bailey   | Reached XP level 10. HP: 73/73 MP: 11/20
  7705 | Bailey   | Killed an orc knight
  7914 | Bailey   | Found an iron altar of Okawaru.
  8056 | D:7      | Found a stormy altar of Qazlal.
  8086 | D:7      | Noticed Prince Ribbit
  8092 | D:7      | Reached skill level 5 in Fighting
  8092 | D:7      | Reached skill level 5 in Short Blades
  8092 | D:7      | Reached skill level 5 in Long Blades
  8092 | D:7      | Reached skill level 5 in Axes
  8092 | D:7      | Reached skill level 5 in Maces & Flails
  8092 | D:7      | Reached skill level 5 in Polearms
  8092 | D:7      | Reached skill level 5 in Staves
  8092 | D:7      | Reached skill level 5 in Slings
  8092 | D:7      | Reached skill level 5 in Bows
  8092 | D:7      | Reached skill level 5 in Crossbows
  8092 | D:7      | Reached skill level 5 in Throwing
  8092 | D:7      | Reached skill level 5 in Armour
  8092 | D:7      | Reached skill level 5 in Shields
  8092 | D:7      | Reached skill level 5 in Unarmed Combat
  8092 | D:7      | Reached skill level 5 in Evocations
  8098 | D:7      | Killed Prince Ribbit
  8319 | D:7      | Reached **** piety under Sif Muna
  8591 | D:8      | Noticed Erica
  8665 | D:8      | Killed Erica
  9061 | D:8      | Found Gozumuom's Jewellery Shoppe.
  9067 | D:8      | Bought the ring of Cepsec {+Fly rElec rPois rC++ Int-4} for
                  | 492 gold pieces
  9230 | D:8      | Found a snail-covered altar of Cheibriados.
  9453 | D:8      | Found a hide-covered altar of Uskayaw.
 10039 | D:9      | Found a runed translucent door.
 10041 | D:9      | Noticed BruhMomento's ghost (journeyman DsBe)
 10052 | D:9      | Noticed Harold
 10072 | D:9      | Killed Harold
 10937 | D:9      | Found a snail-covered altar of Cheibriados.
 10994 | D:9      | Noticed a tengu warrior
 11016 | D:9      | Killed a tengu warrior
 11016 | D:9      | Reached XP level 11. HP: 31/81 MP: 14/22
 11266 | D:9      | Reached ***** piety under Sif Muna
 11415 | D:9      | Reached skill level 5 in Conjurations
 11415 | D:9      | Reached skill level 5 in Hexes
 11415 | D:9      | Reached skill level 5 in Summonings
 11415 | D:9      | Reached skill level 5 in Necromancy
 11415 | D:9      | Reached skill level 5 in Translocations
 11415 | D:9      | Reached skill level 5 in Transmutations
 11415 | D:9      | Reached skill level 5 in Fire Magic
 11415 | D:9      | Reached skill level 5 in Air Magic
 11415 | D:9      | Reached skill level 5 in Earth Magic
 11415 | D:9      | Reached skill level 5 in Poison Magic
 11620 | D:9      | Found a glowing silver altar of Zin.
 11729 | D:10     | Entered Level 10 of the Dungeon
 12304 | D:10     | Identified Ozic's Tome of Earthen Changing (Sif Muna gifted
                  | it to you on level 10 of the Dungeon)
 12304 | D:10     | Received a gift from Sif Muna
 12479 | D:10     | Noticed Fannar
 12505 | D:10     | Killed Fannar
 12837 | D:10     | Found a staircase to the Lair.
 12953 | D:11     | Noticed Josephine
 12955 | D:11     | Found a staircase to the Orcish Mines.
 12967 | D:11     | Killed Josephine
 13282 | D:11     | Noticed a skeletal warrior
 13308 | D:11     | Killed a skeletal warrior
 13426 | D:11     | Noticed a skeletal warrior
 13439 | D:11     | Noticed a skeletal warrior
 13534 | Lair:1   | Entered Level 1 of the Lair of Beasts
 13707 | Lair:1   | Noticed Grum
 13734 | Lair:1   | Killed Grum
 13965 | Lair:1   | Reached XP level 12. HP: 43/89 MP: 24/24
 14506 | Lair:1   | Noticed Gastronok
 14520 | Lair:1   | Killed Gastronok
 14763 | Lair:2   | Found an iron altar of Okawaru.
 14834 | Lair:2   | Found a staircase to the Snake Pit.
 15085 | Lair:2   | Noticed Urug
 15100 | Lair:2   | Killed Urug
 15290 | Lair:2   | Found a runed translucent door.
 15290 | Lair:2   | Identified the +7 trident of the Hidden Places {antimagic,
                  | Int+5}
 15290 | Lair:2   | Noticed a spriggan rider
 15291 | Lair:2   | Noticed a spriggan rider
 15294 | Lair:2   | Noticed tinescath's ghost (journeyman GrEE)
 15402 | Lair:2   | Noticed Nergalle
 15406 | Lair:2   | Noticed a boulder beetle
 15418 | Lair:2   | Killed Nergalle
 15450 | Lair:2   | Noticed an eight-headed hydra
 15697 | Lair:2   | Killed an eight-headed hydra
 15929 | Lair:2   | Killed a boulder beetle
 16117 | Lair:2   | Identified Sif Muna's Collected Works on Unstable Beguiling
                  | (Sif Muna gifted it to you on level 2 of the Lair of
                  | Beasts)
 16117 | Lair:2   | Received a gift from Sif Muna
 16127 | Lair:2   | Learned a level 2 spell: Blink
 16129 | Lair:2   | Learned a level 1 spell: Apportation
 16135 | Lair:2   | Learned a level 5 spell: Metabolic Englaciation
 16189 | Lair:2   | Noticed a six-headed hydra
 16191 | Lair:2   | Noticed a seven-headed hydra
 16307 | Lair:2   | Killed a six-headed hydra
 16321 | Lair:2   | Killed a five-headed hydra
 16403 | Lair:2   | Found a staircase to the Swamp.
 16755 | Lair:3   | Noticed a seven-headed hydra
 16768 | Lair:3   | Killed a seven-headed hydra
 17010 | Lair:3   | Got a shimmering quarterstaff
 17010 | Lair:3   | Identified the +6 quarterstaff of Freezing Courage {vamp,
                  | rF- rC++ Int-3 SInv} (You found it on level 3 of the Lair
                  | of Beasts)
 17053 | Lair:3   | Reached XP level 13. HP: 98/98 MP: 26/26
 18331 | Lair:4   | You fall into a shaft and drop 1 floor!
 18751 | Lair:5   | HP: 1/98 [seven-headed hydra (7)]
 18752 | Lair:5   | Demolished by a polar bear

Illustrated notes

Levels and vault maps discovered:
D:1:      saegor_arrival_simple_c, layout_loops_ring
D:2:      layout_rooms, led_sif_pool,
          nicolae_gozag_cash_rules_everything_around_me, minivault_27
D:3:      lemuel_castle_with_subvaults [lemuel_castle_interior_carwin_3],
          layout_loops_ring, old_standard_altar
D:4:      minmay_angry_zag, layout_basic, grunt_temple_overflow_cloverleaf,
          uniq_eustachio, uniq_sigmund, uniq_pikel, uniq_grinder
D:5:      layout_cave_pools, minmay_temple_entry_hall
D:6:      layout_rooms, kennysheep_mini_moat, uniq_maggie, uniq_duvessa
D:7:      layout_basic, enter_bailey_1, nicolae_qazlal_general_emergency,
          uniq_prince_ribbit1
D:8:      layout_basic, nicolae_overflow_crystal_walls, basic_altar,
          serial_shops, shop, uniq_erica
D:9:      layout_loops_cross, kennysheep_mini, ebering_ghost_inner_flame,
          cheibriados_altar_1, uniq_harold
D:10:     layout_big_octagon, grunt_lair_entry_orc_guard_hut, serial_undead,
          serial_undead_e, serial_undead_f, serial_undead_f, serial_undead_e,
          serial_undead_f, serial_undead_b, serial_undead_a, serial_undead_a,
          uniq_fannar
D:11:     layout_basic, minmay_orc_entry_temple_small, uniq_josephine
Temple:   nicolae_temple_hex_pool
Lair:1:   layout_small_grid, lemuel_fruit_tree, minmay_lair_oklob_chamber,
          uniq_grum, uniq_gastronok
Lair:2:   layout_hall_layers, palyth_hydra_swamp_entry,
          minmay_snake_entry_guardpost_medium, basic_altar,
          ebering_ghost_funeral_grove, uniq_nergalle, uniq_urug
Lair:3:   layout_gridlike, hangedman_lair_generics_rect, grunt_megastairs_5,
          lemuel_fruit_fields, serial_bayou_shore_b, lemuel_fruit_fields
Lair:4:   layout_long_grid, lemuel_old_faithful
Lair:5:   layout_cave_pods

Skill      XL: |  1  2  3  4  5  6  7  8  9 10 11 12 13 |
---------------+----------------------------------------+-----
Spellcasting   | 5 6 7 8 9 |  9.7
Invocations    | 1 2 3 4 5 6 7 8 9 |  9.0
Fighting       | 1 2 3 4 5 6 7 8 |  8.2
Short Blades   | 1 2 3 4 5 6 7 8 |  8.2
Long Blades    | 1 2 3 4 5 6 7 8 |  8.2
Axes           | 1 2 3 4 5 6 7 8 |  8.2
Maces & Flails | 1 2 3 4 5 6 7 8 |  8.2
Polearms       | 1 2 3 4 5 6 7 8 |  8.2
Staves         | 1 2 3 4 5 6 7 8 |  8.2
Slings         | 1 2 3 4 5 6 7 8 |  8.2
Bows           | 1 2 3 4 5 6 7 8 |  8.2
Crossbows      | 1 2 3 4 5 6 7 8 |  8.2
Throwing       | 1 2 3 4 5 6 7 8 |  8.2
Armour         | 1 2 3 4 5 6 7 8 |  8.2
Shields        | 1 2 3 4 5 6 7 8 |  8.2
Unarmed Combat | 1 2 3 4 5 6 7 8 |  8.2
Evocations     | 1 2 3 4 5 6 7 8 |  8.2
Conjurations   | 1 2 3 4 5 6 |  6.8
Hexes          | 1 2 3 4 5 6 |  6.8
Summonings     | 1 2 3 4 5 6 |  6.8
Necromancy     | 1 2 3 4 5 6 |  6.8
Translocations | 1 2 3 4 5 6 |  6.8
Transmutations | 1 2 3 4 5 6 |  6.8
Fire Magic     | 1 2 3 4 5 6 |  6.8
Air Magic      | 1 2 3 4 5 6 |  6.8
Earth Magic    | 1 2 3 4 5 6 |  6.8
Poison Magic   | 1 2 3 4 5 6 |  6.8
Dodging        | 5 6 7 8 9 |  9.5
Stealth        | 5 6 7 8 9 |  9.3
Ice Magic      | 8 9 |  9.9

Action                   |  1- 3 |  4- 6 |  7- 9 | 10-12 | 13-15 || total
-------------------------+-------+-------+-------+-------+-------++-------
Melee: Dagger            |    71 |    62 |    65 |       |       ||   198
       Bite              |     7 |     7 |    21 |    31 |     4 ||    70
       Punch             |       |     1 |     1 |     1 |       ||     3
       Halberd           |       |       |    51 |   254 |       ||   305
       Scimitar          |       |       |       |    19 |       ||    19
       Quarterstaff      |       |       |       |     2 |    61 ||    63
 Cast: Frozen Ramparts   |     2 |    28 |    45 |    88 |    22 ||   185
       Summon Ice Beast  |       |       |    38 |   181 |    29 ||   248
       Hailstorm         |       |       |       |    15 |     3 ||    18
       Metabolic Englaci |       |       |       |     2 |       ||     2
       Freeze            |       |       |       |       |     1 ||     1
Invok: Channel Magic     |       |       |     2 |     2 |       ||     4
Evoke: Wand              |       |       |       |     8 |       ||     8
  Use: Scroll            |     4 |       |     2 |     6 |     3 ||    15
       Potion            |       |       |       |     5 |     3 ||     8
 Stab: Sleeping          |     8 |       |       |     5 |     1 ||    14
       Distracted        |     1 |       |     2 |     4 |       ||     7
       Paralysed         |       |       |       |     2 |       ||     2
Armor: Robe              |     6 |       |    11 |    52 |    18 ||    87
       Leather armour    |    10 |    15 |    16 |       |       ||    41
Dodge: Dodged            |    72 |    68 |   222 |   394 |   122 ||   878
       Rpst.: Scimitar   |       |       |       |    13 |       ||    13

Table legend: (Time is in decaauts)
 A = Elapsed time spent in this place.
 B = Non-inter-level travel time spent in this place.
 C = Inter-level travel time spent in this place.
 D = Time resting spent in this place.
 E = Time spent auto-exploring this place.
 F = Levels seen in this place.
 G = Mean time per level.
                   A        B        C        D        E       F      G
               +--------+--------+--------+--------+--------+-----+--------+
         Total |  18789 |  18355 |    434 |   2649 |  11738 |  18 | 1043.8 |
       Dungeon |  12568 |  12219 |    349 |   1333 |   8199 |  11 | 1142.5 |
        Temple |      1 |      1 |      0 |      0 |      0 |   1 |    1.0 |
          Lair |   5228 |   5143 |     85 |    679 |   3397 |   5 | 1045.6 |
        Bailey |    992 |    992 |      0 |    637 |    141 |   1 |  992.0 |
               +--------+--------+--------+--------+--------+-----+--------+

Top non-repeatable levels by time:
     D:3: 2173 daAuts
     D:9: 1756 daAuts
  Lair:2: 1739 daAuts
     D:8: 1427 daAuts
  Lair:1: 1254 daAuts
    D:10: 1225 daAuts
  Lair:4: 1220 daAuts
     D:4: 1103 daAuts
     D:5: 1050 daAuts
  Bailey: 992 daAuts
     D:1: 948 daAuts
     D:6: 891 daAuts
     D:7: 765 daAuts
     D:2: 637 daAuts
  Lair:3: 594 daAuts
